 Dungeon Crawl Stone Soup version 0.19-a0-1772-g09c4438 (webtiles) character file.

39 Gelly3 the Insei (level 3, -4/19 HPs)
             Began as a Vine Stalker Monk on Oct 4, 2016.
             Slain by Natasha (8 damage)
             ... on level 2 of the Dungeon.
             The game lasted 00:02:48 (1458 turns).

Gelly3 the Insei (Vine Stalker Monk)                Turns: 1458, Time: 00:02:49

Health: -4/19      AC:  5    Str: 13    XL:     3   Next: 47%
Magic:  0/4        EV: 13    Int: 10    God:
Gold:   92         SH:  0    Dex: 17    Spells: 0 memorised, 2 levels left

rFire  . . .     SeeInvis .       - Unarmed
rCold  . . .     Gourm    .     a - +0 robe
rNeg   . . .     Faith    .     (no shield)
rPois  .         Spirit   +     (no helmet)
rElec  .         Dismiss  .     (no cloak)
rCorr  .         Reflect  .     (no gloves)
MR     .....     Harm     .     h - +2 pair of boots
Stlth  ++........               (no amulet)
                                (no ring)
                                (no ring)

@: no status effects
A: fangs 2, magic shield, antimagic bite, no device heal 3, rot immunity
a: no special abilities


You were on level 2 of the Dungeon.
You were not hungry.

You visited 1 branch of the dungeon, and saw 2 of its levels.

You collected 92 gold pieces.

Inventory:

Hand Weapons
 j - a +1 dagger of electrocution
   (You took it off a goblin on level 1 of the Dungeon)
Missiles
 g - 37 stones
 i - a tomahawk (quivered)
Armour
 a - a +0 robe (worn)
 h - a +2 pair of boots (worn)
   (You found it on level 1 of the Dungeon)
Scrolls
 e - a scroll of magic mapping {unknown}
 f - a scroll of identify {unknown}
 l - a scroll of enchant armour {unknown}
Potions
 c - a potion of brilliance {unknown}
 k - a potion of degeneration {unknown}
Comestibles
 b - 2 bread rations
 d - a meat ration
 m - a chunk of flesh


   Skills:
 - Level 2.6 Fighting
 - Level 2.4 Dodging
 - Level 2.4 Stealth
 + Level 4.4 Unarmed Combat


You had 2 spell levels left.
You didn't know any spells.

Dungeon Overview and Level Annotations

Branches:
Dungeon (2/15)

Altars:

Annotations:
D:2 Natasha


Innate Abilities, Weirdness & Mutations

You have extremely sharp teeth.
When hurt, damage is shared between your health and your magic reserves.
Your bite disrupts and absorbs the magic of your enemies.
Potions and wands cannot restore your health.
You are immune to rotting.


Message History

Thar be a stone staircase leadin' up 'ere.
A kobold comes inta view.
It be wieldin' a dagger.
Tha kobold shouts!
A kobold be nearby!
Throwin' (i - inventory. (,) - cycle):
i - 6 tomahawks (quiv'red)
Press: ? - help, Shift-Dir - straight line, f - kobold
Aim: a kobold, wieldin' a dagger Ye throw a tomahawk.
Tha tomahawk hits tha kobold.
Tha kobold be severely wounded.
Throwin' (i - inventory. (,) - cycle):
i - 5 tomahawks (quiv'red)
Press: ? - help, Shift-Dir - straight line, f/p - kobold
Aim: a kobold, wieldin' a dagger (severely wounded) Ye throw a tomahawk.
Tha tomahawk barely misses tha kobold.
Throwin' (i - inventory. (,) - cycle):
i - 4 tomahawks (quiv'red)
Press: ? - help, Shift-Dir - straight line, f/p - kobold
Aim: a kobold, wieldin' a dagger (severely wounded) Ye throw a tomahawk.
Tha tomahawk closely misses tha kobold.
Throwin' (i - inventory. (,) - cycle):
i - 3 tomahawks (quiv'red)
Press: ? - help, Shift-Dir - straight line, f/p - kobold
Aim: a kobold, wieldin' a dagger (severely wounded) Ye throw a tomahawk.
Tha tomahawk hits tha kobold.
Ye kill tha kobold!
Ye be feelin' hungry.
Nay target in view!
Nay target in view!
Eatin' 'un o' 2 chunks o' flesh.
Ye start eatin' 'un o' tha 2 chunks o' flesh.
Ye continue eatin'. x2
Ye finish eatin'. 'tis raw flesh tastes terrible.
Ye now haf 82 gold pieces (gain'd 15).
i - 3 tomahawks (gain'd 1) Ye see 'ere a dagger.
i - 4 tomahawks (gain'd 1)
i - 5 tomahawks (gain'd 1) Ye see 'ere a dagger.
b - 2 bread rations (gain'd 1)
Found an 'scape hatch in tha ceilin'.
Ye now haf 92 gold pieces (gain'd 10).
Markin' area around Natasha as unsafe fer travellin'.
Natasha, Servant o' Life an' Death comes inta view.
Unknown command.
Throwin' (i - inventory. (,) - cycle):
i - 5 tomahawks (quiv'red)
Press: ? - help, Shift-Dir - straight line, f - Natasha
Aim: Natasha (restin') Ye throw a tomahawk.
Tha tomahawk hits Natasha.
Natasha hisses angrily.
Natasha be lightly wounded.
Throwin' (i - inventory. (,) - cycle):
i - 4 tomahawks (quiv'red)
Press: ? - help, Shift-Dir - straight line, f/p - Natasha
Aim: Natasha (lightly wounded) Ye throw a tomahawk.
Tha tomahawk hits Natasha but does nay damage.
Natasha be lightly wounded.
Natasha drinks a potion.
Natasha sudd'nly seems more agile.
Throwin' (i - inventory. (,) - cycle):
i - 3 tomahawks (quiv'red)
Press: ? - help, Shift-Dir - straight line, f/p - Natasha
Aim: Natasha (lightly wounded, unusu'lly agile) Ye throw a tomahawk.
Tha tomahawk misses Natasha.
Throwin' (i - inventory. (,) - cycle):
i - 2 tomahawks (quiv'red)
Press: ? - help, Shift-Dir - straight line, f/p - Natasha
Aim: Natasha (lightly wounded, unusu'lly agile) Ye throw a tomahawk.
Tha tomahawk closely misses Natasha.
Natasha stares at ye an' mumbles some strange words.
Tha magic dart hits ye!
Natasha mumbles some strange words.
Natasha's front paws start ta glow.
Natasha stares at ye an' mumbles some strange words.
Tha magic dart hits ye!
Ye hit Natasha.
Ye bite Natasha, but do nay damage.
Natasha be moderately wounded.
Natasha claws ye.
Ye barely miss Natasha.
Natasha be moderately wounded.
Natasha claws ye but does nay damage.
Ye barely miss Natasha.
Natasha be moderately wounded.
Natasha misses ye.
Ye hit Natasha but do nay damage.
Yer bite misses Natasha.
Natasha be moderately wounded.
Natasha claws ye.
Ye closely miss Natasha.
Natasha be moderately wounded.
Natasha closely misses ye.
Ye hit Natasha.
Yer bite misses Natasha.
Natasha be moderately wounded.
Natasha barely misses ye.
Ye miss Natasha.
Ye bite Natasha.
Natasha's magic leaks inta tha air.
Ye drain her magic.
Ye feel invigorated.
Natasha be heavily wounded.
Ye hit Natasha.
Yer bite misses Natasha.
Natasha be heavily wounded.
Natasha closely misses ye.
Ye miss Natasha.
Yer bite misses Natasha.
Natasha be heavily wounded.
Natasha claws ye.
* * * LOW HITPOINT WARNIN'
* * * Ye closely miss Natasha.
Natasha be heavily wounded.
Natasha claws ye!
Ye die...

#................
######........<.....#
###...........##.....##
.........##.##########
###.(....##.#
#......##.# #......# .#
####......##.##
.......@........?
#......h...#..#..
..####.#......#
.(...###<## #(#.### .#
.(... # #( .# #.#.


You could see Natasha.

Vanquished Creatures
  A gnoll (D:1)
  An ooze (D:1)
  2 dart slugs (D:1)
  A giant cockroach (D:1)
  3 goblins (D:1)
  6 hobgoblins (D:1)
  A kobold (D:2)
  A ball python (D:1)
  2 bats (D:1)
  A frilled lizard (D:1)
  2 rats (D:1)
21 creatures vanquished.

Notes
Turn   | Place    | Note
-------+----------+-------------------------------------------
     0 | D:1      | Gelly3 the Vine Stalker Monk began the quest for the Orb.
     0 | D:1      | Reached XP level 1. HP: 11/11 MP: 2/2
   187 | D:1      | HP: 2/11 [dart slug/slug dart (4)]
   189 | D:1      | Reached XP level 2. HP: 3/16 MP: 1/3
   701 | D:1      | Reached skill level 4 in Unarmed Combat
   702 | D:1      | Reached XP level 3. HP: 7/19 MP: 4/4
  1442 | D:2      | Noticed Natasha
  1457 | D:2      | HP: 4/19 [Natasha (2)]
  1458 | D:2      | Slain by Natasha

Vault maps used:
D:1:      mainiacjoe_arrival_reflecting_pool, minmay_misc_feat_ornament,
          fountainhead, glass_columns_c
D:2:      grunt_qazlal_clouds, first_bread,
          nicolae_dithmenos_through_a_glass_darkly, uniq_natasha

Skill      XL: |  1  2 |
---------------+-------+-----
Unarmed Combat | 4 |  4.4
Fighting       | |  2.6
Dodging        | |  2.4
Stealth        | |  2.4

Action                   || total
-------------------------++-------
Melee: Unarmed           ||    61
       Bite              ||    11
       Punch             ||     1
Throw: Stone             ||    14
       Tomahawk          ||    27
  Eat: Chunk             ||     2
Armor: Robe              ||     9
Dodge: Dodged            ||    42

Vault maps used:
D:1:      mainiacjoe_arrival_reflecting_pool, minmay_misc_feat_ornament,
          fountainhead, glass_columns_c
D:2:      grunt_qazlal_clouds, first_bread,
          nicolae_dithmenos_through_a_glass_darkly, uniq_natasha

Table legend:
 A = Turns spent in this place as a percentage of turns spent in the entire game.
 B = Non-inter-level travel turns spent in this place as a percentage of non-inter-level travel turns spent in the entire game.
 C = Inter-level travel turns spent in this place as a percentage of turns spent in this place.
 D = Turns resting spent in this place as a percentage of non-inter-level travel turns spent in this place.
 E = Turns spent auto-exploring this place as a percentage of non-inter-level travel turns spent in this place.
 F = Non-inter-level travel turns spent in this place divided by the number of levels of this place that you've seen.
                   A       B       C       D       E      F
               +-------+-------+-------+-------+-------+----------------------
         Total | 100.0 | 100.0 |   1.2 |   2.4 |  13.8 | 123.0
       Dungeon | 100.0 | 100.0 |   1.2 |   2.4 |  13.8 | 123.0
               +-------+-------+-------+-------+-------+----------------------

Table legend:
 A = Kills in this place as a percentage of kills in entire the game.
 B = Kills by you in this place as a percentage of kills by you in the entire game.
 C = Kills by friends in this place as a percentage of kills by friends in the entire game.
 D = Other kills in this place as a percentage of other kills in the entire game.
 E = Experience gained in this place as a percentage of experience gained in the entire game.
 F = Experience gained in this place divided by the number of levels of this place that you have seen.
                   A       B       C       D       E      F
               +-------+-------+-------+-------+-------+----------------------
         Total | 100.0 | 100.0 |  -nan |  -nan | 100.0 |  28.5
       Dungeon | 100.0 | 100.0 |  -nan |  -nan | 100.0 |  28.5
               +-------+-------+-------+-------+-------+----------------------
